Wild vs Panthers

Created - March 12 2011 at 21:17

Goals
1 2 3 T
Wild 3 1 2 6
Panthers 2 3 0 5
Shots
1 2 3 T
Wild 6 11 13 30
Panthers 12 6 7 25

Period #1

1. Panthers , Chad Larose 9 (Ryan Smyth, Brian Rafalski) at 4:06
2. Wild , Daniel Alfredsson 38 (Ryan Whitney, Joe Pavelski) at 4:24
3. Wild , Daniel Alfredsson 39 (Alexei Ponikarovsky, Francis Bouillon) at 6:26
4. Wild , Martin St. Louis 43 (Milan Hejduk, Ryan Whitney) at 7:30
5. Panthers , Mike Mottau 8 (Claude Giroux, Aaron Johnson) at 9:39 (PP)

Penalties :
Francis Bouillon (MIN) for Interference (Minor) at 2:00, Francis Bouillon (MIN) for Hooking (Minor) at 7:59, Mike Fisher (FLA) for Tripping (Minor) at 11:33

Period #2

6. Panthers , Marc-Andre Bergeron 9 (Mike Fisher, Maxim Afinogenov) at 4:14 (PP)
7. Wild , Kim Johnsson 2 (Rob Niedermayer) at 6:02
8. Panthers , Andrew Brunette 25 (Brian Rafalski, Maxim Afinogenov) at 13:52
9. Panthers , Blake Wheeler 6 (Craig Rivet, Joel Ward) at 14:57

Penalties :
Aaron Ward (MIN) for Hooking (Minor) at 4:06, Milan Hejduk (MIN) for Holding (Minor) at 15:21

Period #3

10. Wild , Milan Hejduk 25 (Joe Pavelski, Martin St. Louis) at 9:32 (PP)
11. Wild , Joe Pavelski 34 (Martin St. Louis, Ryan Whitney) at 12:58 (PP)

Penalties :
Greg Zanon (FLA) for Holding (Minor) at 3:36, Brad Stuart (FLA) for Elbowing (Minor) at 4:01, Marty Turco (FLA) for Unsportsmanlike conduct (Major / Game Misconduct) at 9:04 - Claude Giroux served the penalty., Milan Hejduk (MIN) for Roughing (Minor) at 16:06, Francis Bouillon (MIN) for Roughing (Minor) at 19:42

Goalie Stats

Dwayne Roloson (MIN), 8 saves from 8 shots - (1.000), W, 5-2-1, 25:03 minutes
Ilya Bryzgalov (MIN), 12 saves from 17 shots - (0.706), 34:57 minutes
Brian Boucher (FLA), 5 saves from 7 shots - (0.714), L, 6-10-0, 10:26 minutes
Marty Turco (FLA), 19 saves from 23 shots - (0.826), 49:04 minutes

Players Stats

Wild
Player Name              G  A  P  +/- PIM S  H  SB FO    MP 
------------------------------------------------------------
Aaron Ward               0  0  0   1  2   0  2  0  0/0   18 
Alexei Ponikarovsky      0  1  1   0  0   3  2  0  0/1   16 
Brian Willsie            0  0  0   1  0   4  0  0  0/1   17 
Chris Drury              0  0  0   0  0   2  0  0  8/18  19 
Daniel Alfredsson        2  0  2   0  0   4  0  1  4/5   21 
Erik Cole                0  0  0   0  0   0  0  0  1/2   4  
Francis Bouillon         0  1  1   0  6   0  1  1  0/0   19 
Joe Pavelski             1  2  3   0  0   4  4  0  9/22  21 
Kim Johnsson             1  0  1   1  0   1  0  0  0/0   15 
Mark Eaton               0  0  0   0  0   1  0  2  0/0   22 
Martin St. Louis         1  2  3   0  0   5  0  0  2/4   20 
Michal Rozsival          0  0  0   0  0   1  4  1  0/0   22 
Milan Hejduk             1  1  2   0  4   3  0  0  0/1   18 
Olli Jokinen             0  0  0   0  0   0  0  0  2/5   4  
Rob Niedermayer          0  1  1   1  0   0  1  0  11/25 16 
Robert Lang              0  0  0   0  0   0  0  0  0/0   0  
Ryan Whitney             0  3  3   0  0   2  0  0  0/0   22 
Stephane Yelle           0  0  0   1  0   0  2  1  0/1   17 
Panthers
Player Name              G  A  P  +/- PIM S  H  SB FO    MP 
------------------------------------------------------------
Aaron Johnson            0  1  1   1  0   0  0  0  0/0   16 
Andrew Brunette          1  0  1  -1  0   4  0  0  0/2   17 
Blake Wheeler            1  0  1   1  0   3  0  0  2/6   17 
Brad Stuart              0  0  0  -1  2   0  1  0  0/0   22 
Brian Rafalski           0  2  2  -1  0   0  0  3  0/0   22 
Chad Larose              1  0  1   0  0   2  1  0  0/0   6  
Christopher Higgins      0  0  0   0  0   0  0  0  5/12  10 
Claude Giroux            0  1  1  -1  0   4  1  0  0/1   17 
Craig Rivet              0  1  1   1  0   0  0  1  0/0   14 
Frans Nielsen            0  0  0  -1  0   0  0  1  10/20 19 
Greg Zanon               0  0  0  -1  2   0  1  0  0/0   19 
Joel Ward                0  1  1   1  0   1  0  0  1/2   15 
Marc-Andre Bergeron      1  0  1   0  0   1  0  0  0/0   13 
Maxim Afinogenov         0  2  2  -1  0   3  2  0  1/2   15 
Mike Fisher              0  1  1  -1  2   5  5  0  17/23 20 
Mike Mottau              1  0  1  -1  0   1  1  0  0/0   18 
Paul Gaustad             0  0  0   1  0   0  1  0  12/16 12 
Ryan Smyth               0  1  1  -1  0   1  1  0  0/1   17 

3 Stars

1 - Joe Pavelski (MIN)
2 - Daniel Alfredsson (MIN)
3 - Martin St. Louis (MIN)

Power Play

Wild - 2 on 4 Attempt(s) - 50.00%
Panthers - 2 on 6 Attempt(s) - 33.33%

Penalty Kill

Wild - 4 on 6 Attempt(s) - 66.67% - Score 0 goal in Penalty Kill
Panthers - 2 on 4 Attempt(s) - 50.00% - Score 0 goal in Penalty Kill

Game Notes

Dwayne Roloson enters game at 14:57 of 2nd period
Marty Turco ejected from game at 9:04 of 3rd period
Brian Boucher enters game at 9:04 of 3rd period

Finance

Level 1 -- Attendance: 6000 (100.00%) -- Ticket Income $528,000.00
Level 2 -- Attendance: 5000 (100.00%) -- Ticket Income $190,000.00
Level 3 -- Attendance: 3500 (100.00%) -- Ticket Income $98,000.00
Level 4 -- Attendance: 3009 (80.24%) -- Ticket Income $54,162.00
Luxury Box -- Attendance: 1000 (100.00%) -- Ticket Income $188,000.00
Game was played at the BankAtlantic Center
Total Attendance: 18509 (96.15%)
Total Ticket Income: $1,155,267.00
Other Income: $174,003.30
Total Income: $1,329,270.00


Play by Play

Period #1

0:01 of 1st period - Daniel Alfredsson wins face-off versus Mike Fisher in neutral zone.
0:01 of 1st period - Daniel Alfredsson is hit by Mike Fisher.
0:18 of 1st period - Shot by Mike Fisher.
0:18 of 1st period - Shot Blocked by Daniel Alfredsson.
0:35 of 1st period - Shot by Mike Fisher.
0:35 of 1st period - Stopped by Ilya Bryzgalov without a rebound.
0:36 of 1st period - Joe Pavelski wins face-off versus Frans Nielsen in Wild zone.
0:36 of 1st period - Martin St. Louis is hit by Maxim Afinogenov and loses puck.
0:43 of 1st period - Mike Mottau is hit by Joe Pavelski and loses puck.
1:05 of 1st period - Icing by Michal Rozsival.
1:06 of 1st period - Joe Pavelski wins face-off versus Paul Gaustad in Wild zone.
1:06 of 1st period - Joe Pavelski is hit by Paul Gaustad.
1:19 of 1st period - Icing by Ryan Whitney.
1:20 of 1st period - Mike Fisher wins face-off versus Martin St. Louis in Wild zone.
2:00 of 1st period - Minor Penalty to Francis Bouillon for Interference.
2:01 of 1st period - Chris Drury wins face-off versus Frans Nielsen in Wild zone.
2:34 of 1st period - Shot by Frans Nielsen.
2:34 of 1st period - Shot Blocked by Mark Eaton.
2:51 of 1st period - Icing by Ryan Smyth.
2:52 of 1st period - Chris Drury wins face-off versus Mike Fisher in Panthers zone.
3:09 of 1st period - Shot by Maxim Afinogenov.
3:09 of 1st period - Stopped by Ilya Bryzgalov with a rebound.
3:13 of 1st period - Shot by Mike Fisher.
3:13 of 1st period - Stopped by Ilya Bryzgalov without a rebound.
3:14 of 1st period - Frans Nielsen wins face-off versus Chris Drury in Wild zone.
3:26 of 1st period - Icing by Aaron Johnson.
3:27 of 1st period - Chris Drury wins face-off versus Blake Wheeler in Panthers zone.
4:06 of 1st period - Shot by Chad Larose.
4:06 of 1st period - Goal by Chad Larose - Wild : 0 - Panthers : 1.
4:07 of 1st period - Christopher Higgins wins face-off versus Joe Pavelski in neutral zone.
4:24 of 1st period - Shot by Daniel Alfredsson.
4:24 of 1st period - Goal by Daniel Alfredsson - Wild : 1 - Panthers : 1.
4:25 of 1st period - Joe Pavelski wins face-off versus Paul Gaustad in neutral zone.
4:30 of 1st period - Shot by Milan Hejduk.
4:30 of 1st period - Stopped by Marty Turco without a rebound.
4:31 of 1st period - Mike Fisher wins face-off versus Chris Drury in Panthers zone.
4:52 of 1st period - Shot by Alexei Ponikarovsky.
4:52 of 1st period - Shot Misses the Net.
4:54 of 1st period - Shot by Daniel Alfredsson.
4:54 of 1st period - Stopped by Marty Turco without a rebound.
4:55 of 1st period - Paul Gaustad wins face-off versus Rob Niedermayer in Panthers zone.
5:07 of 1st period - Off-side.
5:08 of 1st period - Frans Nielsen wins face-off versus Joe Pavelski in neutral zone.
5:41 of 1st period - Shot by Andrew Brunette.
5:41 of 1st period - Stopped by Ilya Bryzgalov with a rebound.
5:45 of 1st period - Shot by Andrew Brunette.
5:45 of 1st period - Stopped by Ilya Bryzgalov without a rebound.
5:46 of 1st period - Mike Fisher wins face-off versus Chris Drury in Wild zone.
5:47 of 1st period - Shot by Claude Giroux.
5:47 of 1st period - Stopped by Ilya Bryzgalov with a rebound.
6:26 of 1st period - Shot by Daniel Alfredsson.
6:26 of 1st period - Goal by Daniel Alfredsson - Wild : 2 - Panthers : 1.
6:27 of 1st period - Joel Ward wins face-off versus Rob Niedermayer in neutral zone.
6:47 of 1st period - Icing by Aaron Ward.
6:48 of 1st period - Rob Niedermayer wins face-off versus Maxim Afinogenov in Wild zone.
6:48 of 1st period - Kim Johnsson is hit by Maxim Afinogenov.
6:49 of 1st period - Icing by Kim Johnsson.
6:50 of 1st period - Maxim Afinogenov wins face-off versus Rob Niedermayer in Wild zone.
6:51 of 1st period - Shot by Frans Nielsen.
6:51 of 1st period - Deflect By Andrew Brunette.
6:51 of 1st period - Shot Blocked by Stephane Yelle.
7:30 of 1st period - Shot by Milan Hejduk.
7:30 of 1st period - Deflect By Martin St. Louis.
7:30 of 1st period - Goal by Martin St. Louis - Wild : 3 - Panthers : 1.
7:31 of 1st period - Chris Drury wins face-off versus Mike Fisher in neutral zone.
7:59 of 1st period - Minor Penalty to Francis Bouillon for Hooking.
8:00 of 1st period - Rob Niedermayer wins face-off versus Frans Nielsen in Wild zone.
8:25 of 1st period - Andrew Brunette is hit by Michal Rozsival and loses puck.
9:35 of 1st period - Shot by Aaron Johnson.
9:35 of 1st period - Shot Misses the Net.
9:37 of 1st period - Shot by Claude Giroux.
9:37 of 1st period - Stopped by Ilya Bryzgalov with a rebound.
9:39 of 1st period - Shot by Mike Mottau.
9:39 of 1st period - Goal by Mike Mottau - Wild : 3 - Panthers : 2.
9:40 of 1st period - Paul Gaustad wins face-off versus Martin St. Louis in neutral zone.
10:43 of 1st period - Joe Pavelski is hit by Chad Larose and loses puck.
11:33 of 1st period - Minor Penalty to Mike Fisher for Tripping.
11:34 of 1st period - Frans Nielsen wins face-off versus Erik Cole in Panthers zone.
11:40 of 1st period - Icing by Erik Cole.
11:41 of 1st period - Christopher Higgins wins face-off versus Olli Jokinen in Wild zone.
11:41 of 1st period - Christopher Higgins is hit by Michal Rozsival.
13:10 of 1st period - Shot by Joe Pavelski.
13:10 of 1st period - Shot Blocked by Frans Nielsen.
13:12 of 1st period - Shot by Martin St. Louis.
13:12 of 1st period - Shot Misses the Net.
13:31 of 1st period - Icing by Stephane Yelle.
13:32 of 1st period - Blake Wheeler wins face-off versus Alexei Ponikarovsky in Wild zone.
13:40 of 1st period - Off-side.
13:41 of 1st period - Rob Niedermayer wins face-off versus Christopher Higgins in neutral zone.
14:27 of 1st period - Shot by Blake Wheeler.
14:27 of 1st period - Shot Misses the Net.
14:29 of 1st period - Shot by Craig Rivet.
14:29 of 1st period - Shot Misses the Net.
14:31 of 1st period - Shot by Blake Wheeler.
14:31 of 1st period - Stopped by Ilya Bryzgalov without a rebound.
14:32 of 1st period - Mike Fisher wins face-off versus Joe Pavelski in Wild zone.
14:47 of 1st period - Shot by Mike Fisher.
14:47 of 1st period - Stopped by Ilya Bryzgalov with a rebound.
15:18 of 1st period - Paul Gaustad is hit by Joe Pavelski and loses puck.
16:06 of 1st period - Shot by Alexei Ponikarovsky.
16:06 of 1st period - Shot Misses the Net.
16:08 of 1st period - Shot by Alexei Ponikarovsky.
16:08 of 1st period - Stopped by Marty Turco without a rebound.
16:09 of 1st period - Daniel Alfredsson wins face-off versus Christopher Higgins in Panthers zone.
16:09 of 1st period - Francis Bouillon is hit by Brad Stuart and loses puck.
16:37 of 1st period - Shot by Chad Larose.
16:37 of 1st period - Stopped by Ilya Bryzgalov without a rebound.
16:38 of 1st period - Paul Gaustad wins face-off versus Rob Niedermayer in Wild zone.
16:54 of 1st period - Off-side.
16:55 of 1st period - Frans Nielsen wins face-off versus Chris Drury in neutral zone.
17:43 of 1st period - Mike Fisher is hit by Alexei Ponikarovsky.
18:36 of 1st period - Shot by Rob Niedermayer.
18:36 of 1st period - Shot Misses the Net.
19:28 of 1st period - Icing by Joe Pavelski.
19:29 of 1st period - Joe Pavelski wins face-off versus Christopher Higgins in Wild zone.
19:35 of 1st period - Off-side.
19:36 of 1st period - Mike Fisher wins face-off versus Joe Pavelski in neutral zone.
19:39 of 1st period - Milan Hejduk is hit by Mike Fisher and loses puck.
19:57 of 1st period - Claude Giroux is hit by Michal Rozsival.

Period #2

0:01 of 2nd period - Mike Fisher wins face-off versus Daniel Alfredsson in neutral zone.
0:18 of 2nd period - Shot by Claude Giroux.
0:18 of 2nd period - Deflect By Mike Fisher.
0:18 of 2nd period - Stopped by Ilya Bryzgalov with a rebound.
0:49 of 2nd period - Icing by Brad Stuart.
0:50 of 2nd period - Mike Fisher wins face-off versus Joe Pavelski in Panthers zone.
1:05 of 2nd period - Shot by Joe Pavelski.
1:05 of 2nd period - Stopped by Marty Turco without a rebound.
1:06 of 2nd period - Rob Niedermayer wins face-off versus Frans Nielsen in Panthers zone.
1:09 of 2nd period - Shot by Brian Willsie.
1:09 of 2nd period - Stopped by Marty Turco without a rebound.
1:10 of 2nd period - Paul Gaustad wins face-off versus Rob Niedermayer in Panthers zone.
1:50 of 2nd period - Off-side.
1:51 of 2nd period - Joe Pavelski wins face-off versus Andrew Brunette in neutral zone.
1:54 of 2nd period - Frans Nielsen is hit by Joe Pavelski and loses puck.
2:34 of 2nd period - Martin St. Louis is hit by Mike Mottau and loses puck.
3:16 of 2nd period - Daniel Alfredsson is hit by Mike Fisher and loses puck.
3:25 of 2nd period - Ryan Smyth is hit by Alexei Ponikarovsky.
3:47 of 2nd period - Shot by Rob Niedermayer.
3:47 of 2nd period - Deflect By Brian Willsie.
3:47 of 2nd period - Stopped by Marty Turco without a rebound.
3:48 of 2nd period - Rob Niedermayer wins face-off versus Paul Gaustad in Panthers zone.
4:06 of 2nd period - Minor Penalty to Aaron Ward for Hooking.
4:07 of 2nd period - Mike Fisher wins face-off versus Rob Niedermayer in Wild zone.
4:10 of 2nd period - Shot by Maxim Afinogenov.
4:10 of 2nd period - Shot Misses the Net.
4:12 of 2nd period - Shot by Mike Fisher.
4:12 of 2nd period - Shot Misses the Net.
4:14 of 2nd period - Shot by Marc-Andre Bergeron.
4:14 of 2nd period - Goal by Marc-Andre Bergeron - Wild : 3 - Panthers : 3.
4:15 of 2nd period - Paul Gaustad wins face-off versus Joe Pavelski in neutral zone.
4:17 of 2nd period - Craig Rivet is hit by Joe Pavelski and loses puck.
4:46 of 2nd period - Shot by Milan Hejduk.
4:46 of 2nd period - Shot Blocked by Craig Rivet.
4:54 of 2nd period - Shot by Milan Hejduk.
4:54 of 2nd period - Stopped by Marty Turco without a rebound.
4:55 of 2nd period - Christopher Higgins wins face-off versus Rob Niedermayer in Panthers zone.
4:55 of 2nd period - Christopher Higgins is hit by Stephane Yelle.
4:58 of 2nd period - Icing by Brian Rafalski.
4:59 of 2nd period - Chris Drury wins face-off versus Christopher Higgins in Panthers zone.
5:56 of 2nd period - Shot by Ryan Smyth.
5:56 of 2nd period - Stopped by Ilya Bryzgalov without a rebound.
5:57 of 2nd period - Rob Niedermayer wins face-off versus Frans Nielsen in Wild zone.
6:02 of 2nd period - Shot by Kim Johnsson.
6:02 of 2nd period - Goal by Kim Johnsson - Wild : 4 - Panthers : 3.
6:03 of 2nd period - Blake Wheeler wins face-off versus Joe Pavelski in neutral zone.
7:42 of 2nd period - Icing by Stephane Yelle.
7:43 of 2nd period - Rob Niedermayer wins face-off versus Frans Nielsen in Wild zone.
8:12 of 2nd period - Icing by Kim Johnsson.
8:13 of 2nd period - Christopher Higgins wins face-off versus Rob Niedermayer in Wild zone.
8:29 of 2nd period - Icing by Brad Stuart.
8:30 of 2nd period - Chris Drury wins face-off versus Christopher Higgins in Panthers zone.
8:51 of 2nd period - Shot by Alexei Ponikarovsky.
8:51 of 2nd period - Deflect By Daniel Alfredsson.
8:51 of 2nd period - Shot Misses the Net.
8:55 of 2nd period - Shot by Alexei Ponikarovsky.
8:55 of 2nd period - Shot Misses the Net.
8:57 of 2nd period - Shot by Chris Drury.
8:57 of 2nd period - Deflect By Alexei Ponikarovsky.
8:57 of 2nd period - Shot Misses the Net.
8:59 of 2nd period - Shot by Mark Eaton.
8:59 of 2nd period - Shot Blocked by Brian Rafalski.
9:01 of 2nd period - Shot by Chris Drury.
9:01 of 2nd period - Stopped by Marty Turco without a rebound.
9:02 of 2nd period - Joe Pavelski wins face-off versus Paul Gaustad in Panthers zone.
9:09 of 2nd period - Shot by Joe Pavelski.
9:09 of 2nd period - Shot Misses the Net.
9:11 of 2nd period - Shot by Martin St. Louis.
9:11 of 2nd period - Stopped by Marty Turco without a rebound.
9:12 of 2nd period - Paul Gaustad wins face-off versus Chris Drury in Panthers zone.
9:27 of 2nd period - Shot by Daniel Alfredsson.
9:27 of 2nd period - Shot Misses the Net.
9:29 of 2nd period - Shot by Mark Eaton.
9:29 of 2nd period - Shot Misses the Net.
9:31 of 2nd period - Shot by Chris Drury.
9:31 of 2nd period - Stopped by Marty Turco without a rebound.
9:32 of 2nd period - Martin St. Louis wins face-off versus Frans Nielsen in Panthers zone.
9:55 of 2nd period - Shot by Ryan Whitney.
9:55 of 2nd period - Stopped by Marty Turco without a rebound.
9:56 of 2nd period - Mike Fisher wins face-off versus Rob Niedermayer in Panthers zone.
10:14 of 2nd period - Greg Zanon is hit by Rob Niedermayer and loses puck.
11:22 of 2nd period - Paul Gaustad is hit by Francis Bouillon and loses puck.
12:05 of 2nd period - Shot by Joe Pavelski.
12:05 of 2nd period - Stopped by Marty Turco without a rebound.
12:06 of 2nd period - Frans Nielsen wins face-off versus Rob Niedermayer in Panthers zone.
12:06 of 2nd period - Frans Nielsen is hit by Stephane Yelle.
12:18 of 2nd period - Shot by Brian Willsie.
12:18 of 2nd period - Shot Hit the Post.
12:20 of 2nd period - Shot by Brian Willsie.
12:20 of 2nd period - Stopped by Marty Turco without a rebound.
12:21 of 2nd period - Rob Niedermayer wins face-off versus Claude Giroux in Panthers zone.
12:21 of 2nd period - Rob Niedermayer is hit by Greg Zanon.
12:37 of 2nd period - Kim Johnsson is hit by Mike Fisher and loses puck.
12:55 of 2nd period - Ryan Smyth is hit by Aaron Ward and loses puck.
13:10 of 2nd period - Icing by Ryan Smyth.
13:11 of 2nd period - Mike Fisher wins face-off versus Joe Pavelski in Panthers zone.
13:33 of 2nd period - Shot by Maxim Afinogenov.
13:33 of 2nd period - Shot Blocked by Michal Rozsival.
13:52 of 2nd period - Shot by Andrew Brunette.
13:52 of 2nd period - Goal by Andrew Brunette - Wild : 4 - Panthers : 4.
13:53 of 2nd period - Chris Drury wins face-off versus Christopher Higgins in neutral zone.
14:51 of 2nd period - Shot by Joel Ward.
14:51 of 2nd period - Shot Blocked by Francis Bouillon.
14:53 of 2nd period - Shot by Blake Wheeler.
14:53 of 2nd period - Deflect By Joel Ward.
14:53 of 2nd period - Shot Blocked by Mark Eaton.
14:57 of 2nd period - Shot by Blake Wheeler.
14:57 of 2nd period - Goal by Blake Wheeler - Wild : 4 - Panthers : 5.
14:57 of 2nd period - Dwayne Roloson enters game.
14:58 of 2nd period - Mike Fisher wins face-off versus Milan Hejduk in neutral zone.
15:21 of 2nd period - Minor Penalty to Milan Hejduk for Holding.
15:22 of 2nd period - Rob Niedermayer wins face-off versus Blake Wheeler in Wild zone.
15:22 of 2nd period - Michal Rozsival is hit by Claude Giroux and loses puck.
15:39 of 2nd period - Shot by Claude Giroux.
15:39 of 2nd period - Shot Misses the Net.
15:41 of 2nd period - Shot by Mike Mottau.
15:41 of 2nd period - Shot Misses the Net.
15:43 of 2nd period - Shot by Blake Wheeler.
15:43 of 2nd period - Stopped by Dwayne Roloson without a rebound.
15:44 of 2nd period - Mike Fisher wins face-off versus Stephane Yelle in Wild zone.
17:36 of 2nd period - Shot by Joel Ward.
17:36 of 2nd period - Shot Misses the Net.
17:39 of 2nd period - Icing by Kim Johnsson.
17:40 of 2nd period - Christopher Higgins wins face-off versus Joe Pavelski in Wild zone.
18:16 of 2nd period - Icing by Aaron Ward.
18:17 of 2nd period - Paul Gaustad wins face-off versus Rob Niedermayer in Wild zone.

Period #3

0:01 of 3rd period - Daniel Alfredsson wins face-off versus Ryan Smyth in neutral zone.
0:01 of 3rd period - Alexei Ponikarovsky is hit by Mike Fisher and loses puck.
1:20 of 3rd period - Shot by Milan Hejduk.
1:20 of 3rd period - Shot Misses the Net.
1:24 of 3rd period - Shot by Martin St. Louis.
1:24 of 3rd period - Stopped by Marty Turco without a rebound.
1:25 of 3rd period - Paul Gaustad wins face-off versus Rob Niedermayer in Panthers zone.
1:32 of 3rd period - Shot by Joel Ward.
1:32 of 3rd period - Stopped by Dwayne Roloson without a rebound.
1:33 of 3rd period - Paul Gaustad wins face-off versus Rob Niedermayer in Wild zone.
1:35 of 3rd period - Blake Wheeler is hit by Aaron Ward and loses puck.
3:36 of 3rd period - Minor Penalty to Greg Zanon for Holding.
3:37 of 3rd period - Joe Pavelski wins face-off versus Frans Nielsen in Panthers zone.
4:01 of 3rd period - Minor Penalty to Brad Stuart for Elbowing.
4:02 of 3rd period - Mike Fisher wins face-off versus Joe Pavelski in Panthers zone.
5:11 of 3rd period - Shot by Mark Eaton.
5:11 of 3rd period - Stopped by Marty Turco without a rebound.
5:12 of 3rd period - Frans Nielsen wins face-off versus Olli Jokinen in Panthers zone.
5:57 of 3rd period - Shot by Joe Pavelski.
5:57 of 3rd period - Stopped by Marty Turco with a rebound.
5:59 of 3rd period - Shot by Milan Hejduk.
5:59 of 3rd period - Shot Misses the Net.
6:01 of 3rd period - Shot by Martin St. Louis.
6:01 of 3rd period - Deflect By Brian Willsie.
6:01 of 3rd period - Stopped by Marty Turco without a rebound.
6:02 of 3rd period - Paul Gaustad wins face-off versus Rob Niedermayer in Panthers zone.
6:48 of 3rd period - Icing by Brad Stuart.
6:49 of 3rd period - Joe Pavelski wins face-off versus Mike Fisher in Panthers zone.
6:52 of 3rd period - Shot by Joe Pavelski.
6:52 of 3rd period - Shot Misses the Net.
6:54 of 3rd period - Shot by Michal Rozsival.
6:54 of 3rd period - Stopped by Marty Turco without a rebound.
6:55 of 3rd period - Frans Nielsen wins face-off versus Chris Drury in Panthers zone.
7:16 of 3rd period - Shot by Andrew Brunette.
7:16 of 3rd period - Stopped by Dwayne Roloson with a rebound.
8:39 of 3rd period - Shot by Claude Giroux.
8:39 of 3rd period - Stopped by Dwayne Roloson without a rebound.
8:40 of 3rd period - Paul Gaustad wins face-off versus Chris Drury in Wild zone.
8:51 of 3rd period - Shot by Aaron Johnson.
8:51 of 3rd period - Shot Misses the Net.
8:54 of 3rd period - Icing by Mark Eaton.
8:55 of 3rd period - Mike Fisher wins face-off versus Chris Drury in Wild zone.
9:04 of 3rd period - Shot by Daniel Alfredsson.
9:04 of 3rd period - Deflect By Alexei Ponikarovsky.
9:04 of 3rd period - Stopped by Marty Turco without a rebound.
9:04 of 3rd period - Major / Game Misconduct Penalty to Marty Turco for Unsportsmanlike conduct.
9:04 of 3rd period - Marty Turco is ejected from game.
9:04 of 3rd period - Brian Boucher enters game.
9:05 of 3rd period - Joe Pavelski wins face-off versus Joel Ward in Panthers zone.
9:10 of 3rd period - Shot by Martin St. Louis.
9:10 of 3rd period - Stopped by Brian Boucher with a rebound.
9:12 of 3rd period - Shot by Ryan Whitney.
9:12 of 3rd period - Stopped by Brian Boucher without a rebound.
9:13 of 3rd period - Mike Fisher wins face-off versus Joe Pavelski in Panthers zone.
9:32 of 3rd period - Shot by Milan Hejduk.
9:32 of 3rd period - Goal by Milan Hejduk - Wild : 5 - Panthers : 5.
9:33 of 3rd period - Olli Jokinen wins face-off versus Mike Fisher in neutral zone.
9:40 of 3rd period - Shot by Erik Cole.
9:40 of 3rd period - Deflect By Olli Jokinen.
9:40 of 3rd period - Shot Misses the Net.
9:44 of 3rd period - Shot by Daniel Alfredsson.
9:44 of 3rd period - Stopped by Brian Boucher without a rebound.
9:45 of 3rd period - Frans Nielsen wins face-off versus Olli Jokinen in Panthers zone.
9:51 of 3rd period - Icing by Mark Eaton.
9:52 of 3rd period - Olli Jokinen wins face-off versus Mike Fisher in Wild zone.
9:56 of 3rd period - Off-side.
9:57 of 3rd period - Frans Nielsen wins face-off versus Joe Pavelski in neutral zone.
10:44 of 3rd period - Shot by Kim Johnsson.
10:44 of 3rd period - Shot Blocked by Brian Rafalski.
11:02 of 3rd period - Shot by Mark Eaton.
11:02 of 3rd period - Shot Misses the Net.
12:58 of 3rd period - Shot by Joe Pavelski.
12:58 of 3rd period - Goal by Joe Pavelski - Wild : 6 - Panthers : 5.
12:59 of 3rd period - Erik Cole wins face-off versus Andrew Brunette in neutral zone.
13:20 of 3rd period - Shot by Alexei Ponikarovsky.
13:20 of 3rd period - Stopped by Brian Boucher with a rebound.
14:09 of 3rd period - Icing by Francis Bouillon.
14:10 of 3rd period - Paul Gaustad wins face-off versus Brian Willsie in Wild zone.
14:17 of 3rd period - Shot by Blake Wheeler.
14:17 of 3rd period - Shot Misses the Net.
14:20 of 3rd period - Icing by Stephane Yelle.
14:21 of 3rd period - Rob Niedermayer wins face-off versus Christopher Higgins in Wild zone.
14:32 of 3rd period - Shot by Rob Niedermayer.
14:32 of 3rd period - Shot Blocked by Brian Rafalski.
15:18 of 3rd period - Shot by Maxim Afinogenov.
15:18 of 3rd period - Stopped by Dwayne Roloson with a rebound.
15:20 of 3rd period - Shot by Andrew Brunette.
15:20 of 3rd period - Deflect By Maxim Afinogenov.
15:20 of 3rd period - Stopped by Dwayne Roloson without a rebound.
15:21 of 3rd period - Frans Nielsen wins face-off versus Joe Pavelski in Wild zone.
15:23 of 3rd period - Andrew Brunette is hit by Michal Rozsival and loses puck.
15:26 of 3rd period - Shot by Maxim Afinogenov.
15:26 of 3rd period - Shot Misses the Net.
16:06 of 3rd period - Minor Penalty to Milan Hejduk for Roughing.
16:07 of 3rd period - Mike Fisher wins face-off versus Chris Drury in Wild zone.
16:26 of 3rd period - Francis Bouillon is hit by Ryan Smyth and loses puck.
17:06 of 3rd period - Icing by Mike Mottau.
17:07 of 3rd period - Daniel Alfredsson wins face-off versus Frans Nielsen in Panthers zone.
17:34 of 3rd period - Shot by Mike Fisher.
17:34 of 3rd period - Stopped by Dwayne Roloson without a rebound.
17:35 of 3rd period - Mike Fisher wins face-off versus Chris Drury in Wild zone.
17:38 of 3rd period - Shot by Marc-Andre Bergeron.
17:38 of 3rd period - Shot Hit the Post.
18:08 of 3rd period - Shot by Mike Fisher.
18:08 of 3rd period - Shot Misses the Net.
18:33 of 3rd period - Shot by Martin St. Louis.
18:33 of 3rd period - Stopped by Brian Boucher without a rebound.
18:34 of 3rd period - Chris Drury wins face-off versus Frans Nielsen in Panthers zone.
19:19 of 3rd period - Panthers, Brian Boucher is pulled from the net.
19:30 of 3rd period - Icing by Brad Stuart.
19:31 of 3rd period - Brian Boucher from Panthers was sent back in the game.
19:31 of 3rd period - Martin St. Louis wins face-off versus Blake Wheeler in Panthers zone.
19:42 of 3rd period - Panthers, Brian Boucher is pulled from the net.
19:42 of 3rd period - Shot by Claude Giroux.
19:42 of 3rd period - Stopped by Dwayne Roloson without a rebound.
19:42 of 3rd period - Minor Penalty to Francis Bouillon for Roughing.
19:43 of 3rd period - Rob Niedermayer wins face-off versus Blake Wheeler in Wild zone.


Output by the SimonT Hockey Simulator (STHS) for Stephane Roy -- Original Page W3C XHTML 1.0 Valid